 Dungeon Crawl Stone Soup version 0.29-a0-838-g385bb11a5b (webtiles) character file.

Game seed: 16944808795122237033

1699 ytrimaz the Basher (level 8, -12/58 HPs)
             Began as a Demonspawn Fighter on July 14, 2022.
             Killed from afar by an acid dragon (15 damage)
             ... with a splash of acid
             ... on level 6 of the Dungeon.
             The game lasted 00:08:15 (5607 turns).

ytrimaz the Basher (Demonspawn Fighter)             Turns: 5607, Time: 00:08:16

Health: -12/58     AC:  7    Str: 18    XL:     8   Next: 73%
Magic:  8/8        EV: 10    Int: 10    God:
Gold:   566        SH:  0    Dex: 17    Spells: 7/7 levels left

rFire   + . .      SeeInvis .   a - +0 flail (venom)
rCold   + . .      Faith    .   h - orb {light}
rNeg    + . .      Spirit   .   y - +1 chain mail "Hiffik" {Slay+2}
rPois   .          Reflect  .   (no helmet)
rElec   +          Harm     +   (no cloak)
rCorr   +          Rampage  .   s - +2 pair of gloves of Miaryfeyli {Harm rF+ Dex+4}
Will    .....                   e - +1 pair of boots "Fuaram" {*Corrode rElec rC+ rN+}
Stlth   ..........              (no amulet)
HPRegen 0.19/turn               F - ring of resist corrosion
MPRegen 0.11/turn               (no ring)

@: corroded, glowing
A: hooves 1, repulsion field 2, ignite blood 1, powered by death 1
a: no special abilities


You were on level 6 of the Dungeon.
You visited 1 branch of the dungeon, and saw 6 of its levels.
You also visited: Ossuary.

You collected 1294 gold pieces.
You spent 728 gold pieces at shops.

Inventory:

Hand Weapons
 a - a +0 flail of venom (weapon)
Missiles
 E - a throwing net (quivered)
Armour
 e - the +1 pair of boots "Fuaram" (worn) {*Corrode rElec rC+ rN+}
   (You bought it in a shop on level 3 of the Dungeon)

   rC:        It protects you from cold.
   rElec:     It insulates you from electricity.
   rN:        It protects you from negative energy.
   *Corrode:  It may corrode you when you take damage.
 h - an orb of light (worn)
 i - the +0 ring mail of Juqollish {rF+++ rC+ Regen+ Int-2}
   (You bought it in a shop on level 3 of the Dungeon)

   Int:       It affects your intelligence (-2).
   rF:        It renders you almost immune to fire.
   rC:        It protects you from cold.
   Regen:     It increases your rate of health regeneration.
 s - the +2 pair of gloves of Miaryfeyli (worn) {Harm rF+ Dex+4}
   (You bought it in a shop on level 3 of the Dungeon)

   Dex:       It affects your dexterity (+4).
   rF:        It protects you from fire.
   Harm:      It increases damage dealt and taken.
 y - the +1 chain mail "Hiffik" (worn) {Slay+2}
   (You found it on level 4 of the Dungeon)

   Slay:      It affects your accuracy & damage with ranged weapons and melee
   (+2).
Jewellery
 m - a ring of fire
 u - a ring of ice
 F - a ring of resist corrosion (left hand)
Wands
 c - a wand of charming (9)
 t - a wand of digging (10)
Scrolls
 b - 2 scrolls of fear
 f - a scroll of summoning
 o - 4 scrolls of noise
 q - 2 scrolls of magic mapping
 w - 2 scrolls of teleportation
 C - 2 scrolls of enchant armour
Potions
 d - 2 potions of cancellation
 g - a potion of haste {unknown}
 j - 2 potions of degeneration
 k - 3 potions of attraction
 l - 4 potions of heal wounds
 n - 8 potions of curing
 r - 2 potions of flight {unknown}
 v - 2 potions of resistance {unknown}
 x - 3 potions of might
 z - 5 potions of brilliance {unknown}
 A - a potion of berserk rage {unknown}
 D - a potion of ambrosia {unknown}


   Skills:
 - Level 3.0 Fighting
 + Level 10.4 Maces & Flails
 - Level 2.6 Armour
 - Level 2.6 Shields


You had 7 spell levels left.
You didn't know any spells.
Your spell library contained the following spells:

 Spells                   Type           Power      Damage    Failure   Level
 Beastly Appendage        Tmut           0%         N/A       99%         1
 Magic Dart               Conj           0%         1d3       99%         1
 Call Imp                 Summ           0%         N/A       100%        2
 Sublimation of Blood     Necr           0%         N/A       100%        2
 Wereblood                Tmut           0%         N/A       100%        2
 Mephitic Cloud           Conj/Pois/Air  0%         N/A       100%        3
 Spider Form              Tmut/Pois      0%         N/A       100%        3
 Stone Arrow              Conj/Erth      0%         3d7       100%        3
 Animate Armour           Summ/Erth      0%         N/A       100%        4
 Passage of Golubria      Tloc           0%         N/A       100%        4
 Silence                  Hex/Air        0%         N/A       100%        5
 Summon Hydra             Summ           0%         N/A       100%        7
 Lehudib's Crystal Spear  Conj/Erth      0%         10d2      100%        8


Dungeon Overview and Level Annotations

Branches:
Dungeon (6/15)            Ossuary (visited)
 Temple: D:4-7

Altars:
Fedhas
Qazlal
Ru
Vehumet
Xom

Shops:
D:3 [

Annotations:
D:4 2 transporters


Innate Abilities, Weirdness & Mutations

You have large cloven feet.
You are surrounded by a moderate repulsion field. (EV +3)
Your demonic aura sometimes causes spilled blood to erupt in flames.
You regenerate a little health from kills.


Message History

The acid dragon claws you but does no damage.
You hit the acid dragon.
The acid dragon is poisoned.
The acid dragon is lightly wounded.
The acid dragon spits acid at you. The splash of acid hits you! You resist.
The acid corrodes you!
You hear a shout!
You hit the acid dragon.
The acid dragon is moderately wounded.
The acid dragon bites you! The acid dragon closely misses you.
You hit the acid dragon but do no damage.
The acid dragon is heavily wounded.
The acid dragon spits acid at you. The splash of acid hits you. You resist.
* * * LOW HITPOINT WARNING * * *
An orc comes into view. It is wielding a +0 short sword.
You hit the acid dragon but do no damage.
The acid dragon is heavily wounded.
The acid dragon bites you.
* * * LOW HITPOINT WARNING * * *
The acid dragon claws you but does no damage.
You hit the acid dragon but do no damage.
The acid dragon is heavily wounded.
The acid dragon spits acid at you. The splash of acid hits you! You resist.
* * * LOW HITPOINT WARNING * * *
The acid corrodes you!
Unknown command.
You hit the acid dragon.
The acid dragon is severely wounded.
Unknown command.
You hit the acid dragon but do no damage.
The acid dragon is severely wounded.
The acid dragon closely misses you. x2
Unknown command.
You hit the acid dragon but do no damage.
The acid dragon is severely wounded.
The orc hits you but does no damage. The acid dragon spits acid at you.
The splash of acid hits you! You resist.
You die...

....# .. . .....
#.# .. ...##..#
... #..(...#
....###......#..
........<......
......o....## ..
......D@.#..##....
.......#..........
#..o..####.#.#.##.
......##...# #
..##...#.####...
..##..........#
.......<......#
..............#
#...............


You could see an acid dragon (poisoned, catching breath) and 2 orcs.

Vanquished Creatures
  Pikel (D:5)
  An ogre (D:4)
  A phantom (D:4)
  A necrophage (D:5)
  4 scorpions
  An elf skeleton (D:4)
  3 orc priests
  4 iguanas
  3 human skeletons (D:4)
  3 orc wizards (D:4)
  8 mummies (Ossuary)
  Robin (D:4)
  6 adders
  7 gnolls
  An ufetubus (D:4)
  4 worms
  2 dart slugs
  14 orcs
  8 bats
  6 endoplasms
  4 giant cockroaches
  3 gnoll zombies (Ossuary)
  5 goblins
  10 hobgoblins
  6 jackals
  3 kobolds
  5 quokkas
  11 ball pythons
  6 frilled lizards
  2 hobgoblin zombies (Ossuary)
  A kobold zombie (Ossuary)
  2 orc skeletons (D:4)
  2 orc zombies (Ossuary)
  6 rats
145 creatures vanquished.

Notes
Turn   | Place    | Note
-------+----------+-------------------------------------------
     0 | D:1      | ytrimaz the Demonspawn Fighter began the quest for the Orb.
     0 | D:1      | Reached XP level 1. HP: 18/18 MP: 1/1
    47 | D:1      | Reached skill level 2 in Maces & Flails
   112 | D:1      | Gained mutation: You are surrounded by a mild repulsion
                  | field. (EV +2) [demonic ancestry]
   112 | D:1      | Reached XP level 2. HP: 24/24 MP: 2/2
   479 | D:1      | Reached skill level 3 in Maces & Flails
   821 | D:1      | Found a faded altar of an unknown god.
   889 | D:1      | Gained mutation: You are surrounded by a moderate repulsion
                  | field. (EV +3) [demonic ancestry]
   889 | D:1      | Reached XP level 3. HP: 29/29 MP: 3/3
   990 | D:1      | Found a shimmering altar of Xom.
  1206 | D:2      | HP: 1/29 [gnoll/+0 spear (8)]
  1209 | D:2      | Reached skill level 4 in Maces & Flails
  1209 | D:2      | Gained mutation: You regenerate a little health from kills.
                  | [demonic ancestry]
  1209 | D:2      | Reached XP level 4. HP: 2/35 MP: 4/4
  2399 | D:3      | Identified a scroll of acquirement
  2711 | D:3      | Reached XP level 5. HP: 17/41 MP: 5/5
  2715 | D:3      | Reached skill level 5 in Maces & Flails
  2957 | D:3      | Found Hiluwif's Antique Armour Shop.
  2962 | D:3      | Acquired 944 gold pieces
  2966 | D:3      | Bought a pair of twisted boots for 247 gold pieces
  2966 | D:3      | Identified the +1 pair of boots "Fuaram" {*Corrode rElec
                  | rC+ rN+} (You bought it in a shop on level 3 of the
                  | Dungeon)
  2966 | D:3      | Bought a crude ring mail for 234 gold pieces
  2966 | D:3      | Identified the +0 ring mail of Juqollish {rF+++ rC+ Regen+
                  | Int-2} (You bought it in a shop on level 3 of the Dungeon)
  2966 | D:3      | Bought a pair of twisted gloves for 247 gold pieces
  2966 | D:3      | Identified the +2 pair of gloves of Miaryfeyli {Harm rF+
                  | Dex+4} (You bought it in a shop on level 3 of the Dungeon)
  3284 | D:4      | Found a transporter.
  3285 | D:4      | Found a radiant altar of Vehumet.
  3285 | D:4      | Noticed a yak
  3443 | D:4      | Found a transporter.
  3473 | D:4      | Noticed a phantom
  3480 | D:4      | Killed a phantom
  3520 | D:4      | Reached XP level 6. HP: 41/47 MP: 6/6
  3530 | D:4      | Reached skill level 6 in Maces & Flails
  3567 | D:4      | Found a sand-covered staircase.
  3572 | Ossuary  | Entered an ossuary
  3655 | Ossuary  | Reached skill level 7 in Maces & Flails
  3813 | D:4      | Gained mutation: Your demonic aura sometimes causes spilled
                  | blood to erupt in flames. [demonic ancestry]
  3813 | D:4      | Reached XP level 7. HP: 48/52 MP: 7/7
  4219 | D:4      | Found a sacrificial altar of Ru.
  4221 | D:4      | Found a blossoming altar of Fedhas.
  4286 | D:4      | Reached skill level 8 in Maces & Flails
  4324 | D:4      | Identified the +1 chain mail "Hiffik" {Slay+2}
  4718 | D:4      | Found a stormy altar of Qazlal.
  4760 | D:4      | Noticed Robin
  4770 | D:4      | Killed Robin
  4873 | D:5      | Entered Level 5 of the Dungeon
  4892 | D:5      | Noticed Pikel
  4904 | D:5      | Gained mutation: You have large cloven feet. [demonic
                  | ancestry]
  4904 | D:5      | Reached XP level 8. HP: 48/58 MP: 8/8
  4910 | D:5      | Killed Pikel
  4911 | D:5      | Reached skill level 10 in Maces & Flails
  5604 | D:6      | HP: 2/58 [acid dragon/splash of acid (9)]
  5607 | D:6      | Killed from afar by an acid dragon

Illustrated notes

Levels and vault maps discovered:
D:1:      dpeg_arrival_water_altar, layout_basic,
          chequers_ecumenical_altar_lobes
D:2:      layout_loops_ring, nicolae_hexahallways
D:3:      layout_loops_ring, serial_shops, shop
D:4:      layout_basic, gammafunk_temple_overflow_arena,
          nicolae_overflow_quartered_altars, nicolae_ossuary_entry_catacombs,
          uniq_robin
D:5:      layout_layer_cave, uniq_pikel
D:6:      layout_cave_pools, mainiacjoe_overflow_cross_hatched

Skill      XL: |  1  2  3  4  5  6  7  8 |
---------------+-------------------------+-----
Maces & Flails | 2 3 4 5 7 8 10 | 10.4
Fighting       | |  3.0
Armour         | |  2.6
Shields        | |  2.6

Action                   |  1- 3 |  4- 6 |  7- 9 || total
-------------------------+-------+-------+-------++-------
Melee: Flail             |    92 |   205 |   139 ||   436
  Use: Scroll            |     4 |     9 |     2 ||    15
       Potion            |     2 |       |       ||     2
Armor: Scale mail        |     9 |       |       ||     9
       Plate armour      |    48 |    43 |    41 ||   132
       Ring mail         |       |    41 |     8 ||    49
       Chain mail        |       |       |    35 ||    35
Dodge: Dodged            |    54 |   140 |    68 ||   262

Table legend: (Time is in decaauts)
 A = Elapsed time spent in this place.
 B = Non-inter-level travel time spent in this place.
 C = Inter-level travel time spent in this place.
 D = Time resting spent in this place.
 E = Time spent auto-exploring this place.
 F = Levels seen in this place.
 G = Mean time per level.
                   A        B        C        D        E       F      G
               +--------+--------+--------+--------+--------+-----+--------+
         Total |   5655 |   5553 |    102 |    245 |   4051 |   7 |  807.9 |
       Dungeon |   5432 |   5330 |    102 |    245 |   3945 |   6 |  905.3 |
       Ossuary |    222 |    222 |      0 |      0 |    106 |   1 |  222.0 |
               +--------+--------+--------+--------+--------+-----+--------+

Top non-repeatable levels by time:
     D:4: 1378 daAuts
     D:2: 1258 daAuts
     D:1: 1064 daAuts
     D:3: 1000 daAuts
     D:5: 710 daAuts
 Ossuary: 222 daAuts
     D:6: 19 daAuts
